PAA
MINNESOTA LOONS @ YAKIMA HOPS
05/17/2025
 
TOP OF THE 1ST
Minnesota Loons batting - Pitching for Yakima Hops : LHP Jorge Cruz
Pitching: LHP Jorge Cruz
Batting: SHB Lowell Moon 0-0: Bunt missed!
0-1: Foul Ball, location: 2F
0-2: Ball
1-2: Ball
2-2: Foul Ball, location: 2F
2-2: Ball
3-2: Ground out 6-3 (Groundball, 6MD)
Batting: LHB Francisco Santos 0-0: Called Strike
0-1: Ball
1-1: Swinging Strike
1-2: Foul Ball, location: 2F
1-2: Foul Ball, location: 2F
1-2: Fly out, F8 (Flyball, 89M)
Batting: RHB Gonzalo Sánchez 0-0: Called Strike
0-1: Ball
1-1: Ball
2-1: Ground out 5-3 (Groundball, 56)
Top of the 1st over - 0 run(s), 0 hit(s), 0 error(s), 0 left on base; Minnesota 0 - Yakima 0
BOTTOM OF THE 1ST
Yakima Hops batting - Pitching for Minnesota Loons : RHP Jesús Hernández
Pitching: RHP Jesús Hernández
Batting: RHB Mariano Sánchez 0-0: Ball
1-0: Ball
2-0: Ball
3-0: Base on Balls
Batting: SHB Luis Luquín 0-0: Called Strike
0-1: SINGLE (Groundball, 34D)
Mariano Sánchez to second
Runner from 2nd tries for 3rd, SAFE, throw made to third
Batting: RHB Joe Phillips 0-0: Ball
1-0: Called Strike
1-1: Fly out, F9 (Flyball, 9S)
Batting: LHB Pedro Tapia 0-0: Ball
1-0: Ball
2-0: Ball
3-0: Foul Ball, location: 2F
3-1: Foul Ball, location: 2F
3-2: SINGLE (Line Drive, 6MD)
Mariano Sánchez scores
Luis Luquín to second
Batting: SHB Orlando Villa 0-0: Foul Ball, location: 2F
0-1: Foul Ball, location: 2F
0-2: Ball
1-2: Ball
2-2: Foul Ball, location: 2F
2-2: Ball
3-2: Base on Balls
Luis Luquín to third
Pedro Tapia to second
Batting: RHB Vicente Rodríguez 0-0: Foul Ball, location: 2F
0-1: Ball
1-1: Ball
2-1: Ball
3-1: Base on Balls
Luis Luquín scores
Pedro Tapia to third
Orlando Villa to second
Batting: RHB Jock Semple 0-0: Ball
1-0: Foul Ball, location: 2F
1-1: Grounds into double play, 5-4-3 (Groundball, 56)
Bottom of the 1st over - 2 run(s), 2 hit(s), 0 error(s), 2 left on base; Minnesota 0 - Yakima 2
TOP OF THE 2ND
Minnesota Loons batting - Pitching for Yakima Hops : LHP Jorge Cruz
Batting: RHB Ieyoshi Yamamoto 0-0: Swinging Strike
0-1: SINGLE (Line Drive, 89S)
Batting: RHB Lytle Creek 0-0: Called Strike
0-1: Hit by Pitch
Ieyoshi Yamamoto to second
Batting: LHB José León 0-0: Ball
1-0: Foul Ball, location: 2F
1-1: Swinging Strike
1-2: Ball
2-2: Strikes out looking
Batting: LHB Dave Hebert 0-0: Swinging Strike
0-1: Ball
1-1: Called Strike
1-2: SINGLE (Flyball, 6MD)
Ieyoshi Yamamoto to third
Lytle Creek to second
Batting: LHB Alfredo Arévalo 0-0: Called Strike
0-1: Swinging Strike
0-2: Ball
1-2: Foul Ball, location: 2F
1-2: Ball
2-2: Grounds into double play, 4-6-3 (Groundball, 4)
Top of the 2nd over - 0 run(s), 2 hit(s), 0 error(s), 2 left on base; Minnesota 0 - Yakima 2
BOTTOM OF THE 2ND
Yakima Hops batting - Pitching for Minnesota Loons : RHP Jesús Hernández
Batting: RHB Lenny Roper 0-0: Called Strike
0-1: Foul Ball, location: 2F
0-2: Ball
1-2: Fly out, F9 (Flyball, 9)
Batting: LHB Duffy McSwiggin 0-0: Called Strike
0-1: Ball
1-1: Foul Ball, location: 2F
1-2: Ball
2-2: Ball
3-2: Foul Ball, location: 2F
3-2: Base on Balls
Batting: RHB Mariano Sánchez 0-0: Ball
1-0: Foul Ball, location: 2F
1-1: Foul Ball, location: 2F
1-2: Ball
2-2: Fly out, F9 (Flyball, 9S)
Batting: SHB Luis Luquín 0-0: Ball
1-0: Ground out 1-3 (Groundball, P)
Bottom of the 2nd over - 0 run(s), 0 hit(s), 0 error(s), 1 left on base; Minnesota 0 - Yakima 2
TOP OF THE 3RD
Minnesota Loons batting - Pitching for Yakima Hops : LHP Jorge Cruz
Batting: RHB Miguel Rosales 0-0: Ball
1-0: Called Strike
1-1: Ball
2-1: Fly out, F7 (Flyball, 7LM)
Batting: SHB Lowell Moon 0-0: Ball
1-0: Ground out 6-3 (Groundball, 6)
Batting: LHB Francisco Santos 0-0: Ball
1-0: SINGLE (Line Drive, 7LS)
Batting: RHB Gonzalo Sánchez 0-0: Ball
1-0: Ball
2-0: Fielders Choice at 2nd, 5-4 (Groundball, 5)
Top of the 3rd over - 0 run(s), 1 hit(s), 0 error(s), 0 left on base; Minnesota 0 - Yakima 2
BOTTOM OF THE 3RD
Yakima Hops batting - Pitching for Minnesota Loons : RHP Jesús Hernández
Batting: RHB Joe Phillips 0-0: Ball
1-0: Called Strike
1-1: Foul Ball, location: 2F
1-2: Strikes out swinging
Batting: LHB Pedro Tapia 0-0: Foul Ball, location: 2F
0-1: Ball
1-1: Ground out U3 (Groundball, 34)
Batting: SHB Orlando Villa 0-0: Foul Ball, location: 2F
0-1: Ball
1-1: Called Strike
1-2: Ball
2-2: Ground out 4-3 (Groundball, 4)
Bottom of the 3rd over - 0 run(s), 0 hit(s), 0 error(s), 0 left on base; Minnesota 0 - Yakima 2
TOP OF THE 4TH
Minnesota Loons batting - Pitching for Yakima Hops : LHP Jorge Cruz
Batting: RHB Ieyoshi Yamamoto 0-0: SINGLE (Line Drive, 6MD)
Batting: RHB Lytle Creek 0-0: Fielders Choice at 2nd, 6-4 (Groundball, 6)
Batting: LHB José León 0-0: Called Strike
0-1: Foul Ball, location: 2F
0-2: Ball
1-2: Grounds into double play, 4-6-3 (Groundball, 4)
Top of the 4th over - 0 run(s), 1 hit(s), 0 error(s), 0 left on base; Minnesota 0 - Yakima 2
BOTTOM OF THE 4TH
Yakima Hops batting - Pitching for Minnesota Loons : RHP Jesús Hernández
Batting: RHB Vicente Rodríguez 0-0: Ball
1-0: SINGLE (Line Drive, 7S)
Batting: RHB Jock Semple 0-0: Called Strike
0-1: Ball
1-1: Ball
2-1: Ball
3-1: Ground out 3-1 (Groundball, 34S)
Vicente Rodríguez to second
Batting: RHB Lenny Roper 0-0: Called Strike
0-1: Ball
1-1: Fly out, F7 (Flyball, 7LSF)
Batting: LHB Duffy McSwiggin 0-0: Ball
1-0: DOUBLE (Groundball, 3L)
Vicente Rodríguez scores
Batting: RHB Mariano Sánchez 0-0: Called Strike
0-1: Ground out 4-3 (Groundball, 4M)
Bottom of the 4th over - 1 run(s), 2 hit(s), 0 error(s), 1 left on base; Minnesota 0 - Yakima 3
TOP OF THE 5TH
Minnesota Loons batting - Pitching for Yakima Hops : LHP Jorge Cruz
Batting: LHB Dave Hebert 0-0: Reached on error, E4 (Groundball, 34)
Batting: LHB Alfredo Arévalo 0-0: Ball
1-0: SINGLE (Groundball, 3D)
Dave Hebert to third
Runner from 3rd tries for Home, throw and OUT!
Alfredo Arévalo to second
Batting: RHB Miguel Rosales 0-0: Ball
1-0: Foul Ball, location: 2F
1-1: Reaches on Catchers interference
Batting: SHB Lowell Moon 0-0: Grounds into double play, 4-6-3 (Groundball, 4)
Top of the 5th over - 0 run(s), 1 hit(s), 2 error(s), 1 left on base; Minnesota 0 - Yakima 3
BOTTOM OF THE 5TH
Yakima Hops batting - Pitching for Minnesota Loons : RHP Jesús Hernández
Batting: SHB Luis Luquín 0-0: Ball
1-0: Ball
2-0: Ball
3-0: Base on Balls
Batting: RHB Joe Phillips 0-0: Ball
1-0: Called Strike
1-1: Ball
2-1: Ball
3-1: Foul Ball, location: 2F
3-2: SINGLE (Line Drive, 9S)
Luis Luquín to second
Batting: LHB Pedro Tapia 0-0: Ball
1-0: Ball
2-0: Ball
3-0: Base on Balls
Luis Luquín to third
Joe Phillips to second
Batting: SHB Orlando Villa 0-0: Fly out, F9 (Flyball, 9)
Runner from 3rd tags up, SCORES, no throw
Batting: RHB Vicente Rodríguez 0-0: Ball
1-0: Ball
2-0: Called Strike
2-1: Ball
3-1: Foul Ball, location: 2F
3-2: Strikes out swinging
Batting: RHB Jock Semple 0-0: Called Strike
0-1: DOUBLE (Line Drive, 9LM)
Joe Phillips scores
Pedro Tapia to third
Runner from 3rd tries for Home, throw and OUT!
Bottom of the 5th over - 2 run(s), 2 hit(s), 0 error(s), 1 left on base; Minnesota 0 - Yakima 5
TOP OF THE 6TH
Minnesota Loons batting - Pitching for Yakima Hops : LHP Jorge Cruz
Batting: LHB Francisco Santos 0-0: Called Strike
0-1: Fly out, F6 (Popup, 6MD)
Batting: RHB Gonzalo Sánchez 0-0: Ball
1-0: Fly out, F8 (Flyball, 8LD)
Batting: RHB Ieyoshi Yamamoto 0-0: Ball
1-0: Ground out 1-3 (Groundball, 15S)
Top of the 6th over - 0 run(s), 0 hit(s), 0 error(s), 0 left on base; Minnesota 0 - Yakima 5
BOTTOM OF THE 6TH
Yakima Hops batting - Pitching for Minnesota Loons : RHP Jesús Hernández
Pitching: LHP Ignacio Pérez
Batting: RHB Lenny Roper 0-0: Ground out 4-3 (Groundball, 4)
Batting: LHB Duffy McSwiggin 0-0: Ball
1-0: Ball
2-0: Called Strike
2-1: Called Strike
2-2: SINGLE (Groundball, 6MD)
Batting: RHB Mariano Sánchez 0-0: Called Strike
0-1: Foul Ball, location: 2F
0-2: Ball
1-2: Ball
2-2: Ball
3-2: Fly out, F9 (Flyball, 9S)
Batting: SHB Luis Luquín 0-0: Ball
1-0: Swinging Strike
1-1: Foul Ball, location: 2F
1-2: Ball
2-2: Ball
3-2: Ground out 6-3 (Groundball, 6)
Bottom of the 6th over - 0 run(s), 1 hit(s), 0 error(s), 1 left on base; Minnesota 0 - Yakima 5
TOP OF THE 7TH
Minnesota Loons batting - Pitching for Yakima Hops : LHP Jorge Cruz
Batting: RHB Lytle Creek 0-0: Ground out 6-3 (Groundball, 6)
Batting: LHB José León 0-0: Called Strike
0-1: Ball
1-1: Fly out, F8 (Flyball, 8RM)
Batting: LHB Dave Hebert 0-0: Called Strike
0-1: Ball
1-1: Fly out, F9 (Flyball, 89M)
Top of the 7th over - 0 run(s), 0 hit(s), 0 error(s), 0 left on base; Minnesota 0 - Yakima 5
BOTTOM OF THE 7TH
Yakima Hops batting - Pitching for Minnesota Loons : LHP Ignacio Pérez
Batting: RHB Joe Phillips 0-0: Ball
1-0: Called Strike
1-1: Ground out 6-3 (Groundball, 6)
Batting: LHB Pedro Tapia 0-0: Ball
1-0: Fly out, F7 (Flyball, 78M)
Batting: SHB Orlando Villa 0-0: Called Strike
0-1: Ball
1-1: Ball
2-1: Ball
3-1: Called Strike
3-2: Foul Ball, location: 2F
3-2: Base on Balls
Batting: RHB Vicente Rodríguez 0-0: Called Strike
0-1: Swinging Strike
0-2: Ball
1-2: Ball
2-2: Fly out, F5 (Line Drive, 5S)
Bottom of the 7th over - 0 run(s), 0 hit(s), 0 error(s), 1 left on base; Minnesota 0 - Yakima 5
TOP OF THE 8TH
Minnesota Loons batting - Pitching for Yakima Hops : LHP Jorge Cruz
Batting: LHB Alfredo Arévalo 0-0: Called Strike
0-1: Ball
1-1: Foul Ball, location: 2F
1-2: Strikes out swinging
Batting: RHB Miguel Rosales 0-0: Fly out, F9 (Flyball, 9S)
Batting: SHB Lowell Moon 0-0: Called Strike
0-1: Called Strike
0-2: Foul Ball, location: 2F
0-2: Foul Ball, location: 2F
0-2: Foul Ball, location: 2F
0-2: Strikes out swinging
Top of the 8th over - 0 run(s), 0 hit(s), 0 error(s), 0 left on base; Minnesota 0 - Yakima 5
BOTTOM OF THE 8TH
Yakima Hops batting - Pitching for Minnesota Loons : LHP Ignacio Pérez
Batting: RHB Jock Semple 0-0: Ground out 6-3 (Groundball, 6)
Batting: RHB Lenny Roper 0-0: SINGLE (Line Drive, 6D)
Batting: LHB Duffy McSwiggin 0-0: Ball
1-0: Called Strike
1-1: Called Strike
1-2: Ball
2-2: Ball
3-2: Fly out, F5 (Line Drive, 56S)
Batting: RHB Mariano Sánchez 0-0: Foul Ball, location: 2F
0-1: Ball
1-1: Foul Ball, location: 2F
1-2: Ball
2-2: Ball
3-2: DOUBLE (Line Drive, 7LM)
Lenny Roper to third
Lenny Roper scores
Batting: SHB Luis Luquín 0-0: Swinging Strike
0-1: Foul Ball, location: 2F
0-2: Ball
1-2: Strikes out looking
Bottom of the 8th over - 1 run(s), 2 hit(s), 0 error(s), 1 left on base; Minnesota 0 - Yakima 6
TOP OF THE 9TH
Minnesota Loons batting - Pitching for Yakima Hops : LHP Jorge Cruz
Batting: LHB Francisco Santos 0-0: Foul Ball, location: 2F
0-1: Ball
1-1: SINGLE (Line Drive, 78S)
Batting: RHB Gonzalo Sánchez 0-0: Ball
1-0: Foul Ball, location: 2F
1-1: Ball
2-1: Fly out, F9 (Flyball, 9LM)
Batting: RHB Ieyoshi Yamamoto 0-0: Grounds into double play, 6-4-3 (Groundball, 6)
Top of the 9th over - 0 run(s), 1 hit(s), 0 error(s), 0 left on base; Minnesota 0 - Yakima 6
Friday, December 30th, 2016 - OOTP Baseball 17.12 Build 75